 Dungeon Crawl Stone Soup version 0.23-b1-6-ga921848 (webtiles) character file.

Game seed: 9276845889624127246

683 kaze the Chopper (level 7, -2/61 HPs)
             Began as a Hill Orc Fighter on Feb 1, 2019.
             Killed by divine providence
             ... invoked by an orc priest
              (11 damage)
             ... on level 4 of the Dungeon.
             The game lasted 00:05:43 (2362 turns).

kaze the Chopper (Hill Orc Fighter)                 Turns: 2362, Time: 00:05:43

Health: -2/61      AC:  8    Str: 20 (21) XL:     7   Next: 61%
Magic:  7/7        EV:  8    Int:  8      God:
Gold:   110        SH: 11    Dex: 10      Spells: 6/6 levels left

rFire    . . .     SeeInvis .   a - +0 war axe
rCold    . . .     Gourm    .   c - +1 shield
rNeg     . . .     Faith    .   b - +0 scale mail
rPois    .         Spirit   .   (no helmet)
rElec    .         Reflect  .   (no cloak)
rCorr    .         Harm     .   (no gloves)
MR       .....                  h - +0 pair of boots (curse)
Stlth    ..........             (no amulet)
HPRegen  0.20/turn              (no ring)
MPRegen  0.10/turn              (no ring)

@: no status effects
A: no striking features
a: Convert to Beogh


You were on level 4 of the Dungeon.
You were not hungry.

You visited 1 branch of the dungeon, and saw 4 of its levels.

You collected 110 gold pieces.

Inventory:

Hand Weapons
 a - a +0 war axe (weapon)
Armour
 b - a +0 scale mail (worn)
 c - a +1 shield (worn)
 h - a cursed +0 pair of boots (worn)
Wands
 n - a wand of random effects (11)
Scrolls
 g - a scroll of enchant armour
 i - a scroll of immolation {unknown}
 j - a scroll of blinking
 k - 2 scrolls of magic mapping
Potions
 e - a potion of haste
 l - a potion of resistance {unknown}
 m - a potion of invisibility {unknown}
 o - a potion of ambrosia
Comestibles
 d - 12 chunks of flesh
 f - a ration


   Skills:
 + Level 5.3 Fighting
 + Level 7.1 Axes
 + Level 4.8 Armour
 + Level 1.4 Dodging
 + Level 5.2 Shields


You had 6 spell levels left.
You didn't know any spells.
Your spell library was empty.

Dungeon Overview and Level Annotations

Branches:
Dungeon (4/15)
 Temple: D:4-7

Altars:


Message History

The dart slug barely misses you.
You hit the orc wizard.
The orc wizard is severely wounded.
You hit the orc. You hit the dart slug.
Your shield prevents you from hitting the orc.
The orc hits you with a +0 dagger.
* * * LOW HITPOINT WARNING * * *
The orc wizard mumbles some strange words.
The orc wizard blinks!
The dart slug launches a dart at you.
The slug dart hits you but does no damage.
Unknown command.
The orc priest invokes the aid of Beogh against you.
Beogh smites you!
* * * LOW HITPOINT WARNING * * *
The dart slug launches a dart at you. You block the slug dart.
The orc priest mumbles some strange prayers to Beogh against you.
Beogh smites you!
You die...

............[......
..................
#...............
#..........o# ..
#.........ow## ###.###
#.....oo..o..###.....#
###....#####o..+.....#..
#....# #.o##.....#.#
#.o..# #..@<.....#.#
......# #.........#.#
.......# ##........#.#
.......# #####.......#.#
#.........#.#.#######.
#......##.#....#......
#......##.###..#......
#.......#.#....#.....#
###.....#.#..)........


You could see an orc priest, an orc wizard, a dart slug and 3 orcs.

Vanquished Creatures
  Sigmund (D:2)
  An ogre (D:4)
  A phantom (D:4)
  A hound (D:4)
  2 orc priests (D:3)
  Jessica (D:3)
  4 orc wizards (D:4)
  4 adders
  3 worms
  2 dart slugs
  A leopard gecko (D:1)
  10 orcs
  2 giant cockroaches
  9 goblins
  6 hobgoblins
  2 quokkas
  12 bats
  7 frilled lizards
  10 kobolds
  6 rats
85 creatures vanquished.

Notes
Turn   | Place    | Note
-------+----------+-------------------------------------------
     0 | D:1      | kaze the Hill Orc Fighter began the quest for the Orb.
     0 | D:1      | Reached XP level 1. HP: 19/19 MP: 1/1
   216 | D:1      | Reached XP level 2. HP: 22/27 MP: 2/2
   400 | D:1      | Reached skill level 3 in Axes
   426 | D:1      | Reached XP level 3. HP: 33/33 MP: 3/3
   838 | D:2      | Noticed Sigmund
   870 | D:2      | Killed Sigmund
   870 | D:2      | Reached skill level 5 in Axes
   870 | D:2      | Reached XP level 4. HP: 10/40 MP: 4/4
   870 | D:2      | Reached XP level 5. HP: 11/46 MP: 5/5
   883 | D:2      | HP: 2/46 [hobgoblin (4)]
  1436 | D:3      | Noticed Jessica
  1444 | D:3      | Killed Jessica
  1444 | D:3      | Reached XP level 6. HP: 48/52 MP: 6/6
  1503 | D:3      | Reached skill level 1 in Dodging
  2186 | D:4      | Reached skill level 6 in Axes
  2202 | D:4      | Reached skill level 5 in Fighting
  2274 | D:4      | Reached skill level 5 in Shields
  2274 | D:4      | Reached XP level 7. HP: 36/61 MP: 7/7
  2344 | D:4      | Reached skill level 7 in Axes
  2362 | D:4      | Killed from afar by an orc priest

Skill      XL: |  1  2  3  4  5  6  7 |
---------------+----------------------+-----
Axes           | 3 5 6 7 |  7.1
Fighting       | 4 5 |  5.3
Armour         | 4 |  4.8
Shields        | 4 5 |  5.2
Dodging        | 1 |  1.4

Action                   |  1- 3 |  4- 6 |  7- 9 || total
-------------------------+-------+-------+-------++-------
Melee: War axe           |   128 |   132 |    18 ||   278
  Use: Potion            |     2 |     4 |       ||     6
       Scroll            |       |     9 |       ||     9
  Eat: Chunk             |       |     3 |       ||     3
       Ration            |       |     1 |       ||     1
Armor: Scale mail        |    91 |    57 |     9 ||   157
Dodge: Dodged            |    40 |    41 |    11 ||    92
Block: Shield            |    63 |    65 |    15 ||   143
